AoeStats
← hightower_208

Arena

508829135Analyzed
2v2 RM · 8d ago on Sep 24, 2026· 41m 59s· 4 players
Game mode
Random Map
Map size
Medium (4 player)
Population
200
Speed
Normal
Resources
Standard
Victory
Conquest
Starting age
Dark Age
Ending age
Imperial Age
RankedLock teamsTeams togetherTeam positionsShared explorationLock speedFull tech treeHidden civsTurbo modeCheats
Victory
Defeat
🇩🇪 Saxons · Germany
1694
+19
🇩🇪 Italians · Germany
1672
+20
🇨🇳 Spanish · China
1794
-21
🇦🇷 Hindustanis · Argentina
1712
-18
hightower_208
9:36 Feudal Age
13:15 Castle Age
11:43 Double-Bit Axe
12:06 Horse Collar
20:26 Wheelbarrow
19:46 Loom
21:25 Bow Saw
21:42 Heavy Plow
23:27 Hand Cart
23:23 Gold Mining
28:18 Imperial Age
26:09 Scale Mail Armor
26:11 Squires
27:07 Chain Mail Armor
29:32 Plate Mail Armor
28:27 Shield Wall
29:28 Conscription
29:13 Gambesons
29:40 Forging
29:22 Capped Ram
32:01 Siege Ram
33:26 Iron Casting
32:16 Man-at-Arms
32:42 Arson
32:59 Long Swordsman
34:29 Two-Handed Swordsman
37:05 Champion
38:38 Fletching
39:11 Ballistics
39:51 Chemistry
Mjoelnir
10:24 Feudal Age
11:24 Double-Bit Axe
11:46 Loom
14:03 Castle Age
11:59 Horse Collar
15:25 Fletching
20:31 Bodkin Arrow
24:24 Padded Archer Armor
25:03 Wheelbarrow
24:14 Loom
29:28 Imperial Age
28:03 Leather Archer Armor
29:10 Ballistics
31:13 Chemistry
30:14 Bracer
30:42 Pirotechnia
33:53 Ring Archer Armor
34:41 Bow Saw
34:31 Heavy Plow
39:00 Silk Road
39:01 Conscription
39:29 Gold Mining
39:30 Stone Mining
41:35 Hoardings
41:03 Scale Mail Armor
41:16 Scale Barding Armor
42:32 Chain Barding Armor
北冥有鲲
10:44 Feudal Age
14:25 Castle Age
12:45 Double-Bit Axe
12:49 Horse Collar
15:55 Bow Saw
16:27 Loom
24:18 Wheelbarrow
25:29 Heavy Plow
26:52 Hand Cart
28:23 Town Watch
28:23 Loom
31:29 Imperial Age
28:46 Town Watch
30:21 Padded Archer Armor
30:12 Gold Mining
30:13 Stone Mining
30:35 Masonry
31:11 Bloodlines
33:51 Chemistry
33:04 Fortified Wall
33:59 Supremacy
34:00 Conscription
38:28 Herbal Medicine
38:30 Fletching
40:15 Ballistics
40:26 Architecture
40:12 Leather Archer Armor
41:33 Ring Archer Armor
47_chu_VOI_con
10:56 Feudal Age
11:41 Double-Bit Axe
14:38 Castle Age
12:59 Horse Collar
15:59 Bow Saw
16:07 Heavy Plow
17:13 Loom
22:25 Wheelbarrow
22:31 Stone Mining
29:41 Imperial Age
28:14 Scale Barding Armor
28:25 Scale Mail Armor
29:03 Hand Cart
28:35 Town Watch
29:26 Chain Mail Armor
29:22 Forging
29:55 Elite Ghulam
30:56 Conscription
30:42 Grand Trunk Road
30:38 Gold Mining
31:24 Stone Shaft Mining
31:47 Iron Casting
33:44 Blast Furnace
40:58 Fletching
41:30 Ballistics
42:10 Chemistry
41:34 Bodkin Arrow
41:40 Padded Archer Armor
Connection lost

Rejoining the realm…

Still unreachable

The connection could not be restored.

Session expired

The server has moved on; the page needs a fresh start.